 Dungeon Crawl Stone Soup version 0.30-b1-2-g02819fbbbe (webtiles) character file.

Game seed: 4343565903208694484

20563 Turgor the Destroyer (level 12, -3/91 HPs)
             Began as a Demonspawn Hunter on May 13, 2023.
             Was an Initiate of Gozag.
             Slain by an orc warrior
             ... wielding a +0 halberd
              (13 damage)
             ... on level 12 of the Dungeon on May 14, 2023.
             The game lasted 01:39:53 (13227 turns).

Turgor the Destroyer (Demonspawn Hunter)           Turns: 13227, Time: 01:39:53

Health: -3/91      AC: 13    Str: 12    XL:     12   Next: 46%
Magic:  12/12      EV: 15    Int: 15    God:    Gozag
Gold:   1377       SH:  5    Dex: 22    Spells: 14/23 levels left

rFire   + + .        t - +5 arbalest of the Walnut {freeze, rF+}
rCold   + . .        (shield currently unavailable)
rNeg    . . .        S - +1 scale mail of Patsuh {Dex+5}
rPois   +            F - +0 hat of the Past {+Inv rPois MP-9 SInv}
rElec   +            (no cloak)
rCorr   +            (gloves unavailable)
SInv    +            I - +2 pair of boots
Will    .....        G - amulet of reflection
Stlth   +            q - +5 ring of evasion
HPRegen 0.35/turn    R - ring of wizardry
MPRegen 0.13/turn

%: reflection, wizardry (x1)
@: mighty, resistant, flying
A: claws 3, thin metallic scales 2, foul stench 2, powered by death 1,
corrupting presence 1
a: Renounce Religion, Evoke Invisibility, Potion Petition, Call Merchant, Bribe
Branch


You were on level 12 of the Dungeon.
You worshipped Gozag.
Gozag was most pleased with you.
You visited 2 branches of the dungeon, and saw 13 of its levels.
You also visited: Bailey.

You collected 2621 gold pieces.
You spent 1162 gold pieces at shops.
You paid 82 gold pieces to Gozag.

Inventory:

Hand Weapons
 a - a +0 shortbow
 l - a +2 dagger of flaming
 t - the +5 arbalest of the Walnut (weapon) {freeze, rF+}
   (You acquired it on level 9 of the Dungeon)

   rF:        It protects you from fire.
 H - a +2 dagger of venom
Missiles
 n - a throwing net
 w - 16 boomerangs
 E - a silver javelin (quivered)
 K - 22 poisoned darts
Armour
 v - a +2 robe of willpower
 B - a +1 helmet
 F - the +0 hat of the Past (worn) {+Inv rPois MP-9 SInv}
   (You found it on level 11 of the Dungeon)

   rPois:     It protects you from poison.
   MP:        It affects your magic capacity (-9).
   SInv:      It lets you see invisible.
   +Inv:      It lets you turn invisible.
 I - a +2 pair of boots (worn)
 S - the +1 scale mail of Patsuh (worn) {Dex+5}
   (You bought it in a shop on level 10 of the Dungeon)

   Dex:       It affects your dexterity (+5).
Jewellery
 j - a ring of flight
 q - a +5 ring of evasion (left claw)
 y - a +4 ring of protection
 G - an amulet of reflection (around neck)
 L - a +4 ring of protection
 R - a ring of wizardry (right claw)
 U - a ring of willpower
Wands
 o - a wand of flame (42)
 Q - a wand of polymorph (8)
Scrolls
 b - 3 scrolls of immolation
 e - 2 scrolls of silence
 h - 2 scrolls of vulnerability
 i - 2 scrolls of torment
 k - 3 scrolls of magic mapping
 x - 2 scrolls of enchant weapon
 C - 4 scrolls of amnesia
 N - a scroll of brand weapon
 O - a scroll of fog
 P - 5 scrolls of enchant armour
 T - a scroll of blinking {unknown}
Potions
 d - 6 potions of cancellation
 f - 2 potions of curing
 g - 9 potions of attraction
 p - 4 potions of mutation
 r - 2 potions of lignification
 s - 2 potions of brilliance
 u - 2 potions of might
 A - a potion of berserk rage
 D - a potion of resistance
 J - 2 potions of ambrosia


   Skills:
 - Level 7.0 Fighting
 * Level 10.3 Ranged Weapons
 + Level 3.1 Armour
 - Level 3.4 Dodging
 - Level 1.0 Stealth
 - Level 6.4 Spellcasting
 * Level 11.3 Conjurations
 * Level 10.4 Air Magic


You had 14 spell levels left.
You knew the following spells:

 Your Spells              Type           Power      Damage    Failure   Level
a - Conjure Ball Lightni  Conj/Air       18%        3x3d6     43%         6
b - Swiftness             Air            36%        N/A       1%          3

Your spell library contained the following spells:

 Spells                   Type           Power      Damage    Failure   Level
 Foxfire                  Conj/Fire      84%        2x1d8     2%          1
 Hailstorm                Conj/Ice       21%        3d6       9%          3
 Apportation              Tloc           8%         N/A       26%         1
 Freeze                   Ice            16%        1d4       26%         1
 Necrotise                Necr           16%        1d4       26%         1
 Summon Small Mammal      Summ           16%        N/A       26%         1
 Ensorcelled Hibernation  Hex/Ice        8%         N/A       38%         2
 Passwall                 Tmut/Erth      3%         N/A       38%         2
 Fireball                 Conj/Fire      10%        3d6       56%         5
 Frozen Ramparts          Ice            8%         1d2       61%         3
 Vampiric Draining        Necr           4%         2d6       61%         3
 Starburst                Conj/Fire      10%        6d5       98%         6
 Agony                    Necr           4%         N/A       99%         5
 Plasma Beam              Fire/Air       10%        2x1d23    99%         6
 Discord                  Hex            2%         N/A       100%        8
 Disjunction              Tloc           2%         N/A       100%        8


Dungeon Overview and Level Annotations

Branches:
Dungeon (12/15)            Temple (1/1) D:4            Lair (0/5) D:9
 Bailey (visited)
    Orc: D:9-12

Altars:
Ashenzari
Cheibriados
Dithmenos
Fedhas
Gozag
Hepliaklqana
Kikubaaqudgha
Makhleb
Nemelex Xobeh
Okawaru
Qazlal
Ru
Sif Muna
Trog
Uskayaw
Vehumet
Wu Jian
Xom
Yredelemnul

Shops:
D:9 =   D:10 [

Annotations:
D:9 exclusion: oklob plant
D:12 Rupert, Sonja


Innate Abilities, Weirdness & Mutations

You have claws for hands.
You are mostly covered in thin metallic scales. (AC +3)
You sometimes emit foul miasma when damaged in melee.
You regenerate a little health from kills.
Your presence sometimes corrodes those you injure.


Message History

The orc wizard hits you but does no damage.
The orc warrior hits you from afar with a +0 trident.
* * * LOW HITPOINT WARNING * * *
A gnoll comes into view. It is wielding a +0 club.
The orc hits you with a +0 dagger.
* * * LOW HITPOINT WARNING * * *
The orc warrior hits you from afar with a +0 halberd!
* * * LOW HITPOINT WARNING * * *
Unknown command.
Okay, then.
It was a potion of flight.
You feel very buoyant.
You fly up into the air.
The orc wizard gestures at you while chanting.
The puff of flame hits you. You resist.
* * * LOW HITPOINT WARNING * * *
The orc warrior hits you from afar with a +0 trident!
* * * LOW HITPOINT WARNING * * *
The orc misses you. The orc warrior misses you.
Unknown command.
Unknown command.
Unknown command.
Unknown command.
Okay, then.
You feel better.
The orc wizard mumbles some strange words.
The orc wizard flickers and vanishes for a moment.
The orc warrior misses you. The orc misses you.
The orc warrior hits you from afar with a +0 halberd!
* * * LOW HITPOINT WARNING * * *
You hear a shout! x2
You feel better.
You hear a shout!
The orc wizard casts a spell at you. The puff of flame hits you. You resist.
* * * LOW HITPOINT WARNING * * *
The orc warrior closely misses you. The orc closely misses you.
The orc warrior hits you from afar with a +0 halberd!
You die...
Your body crumbles into a pile of gold. ## $ ..##### .#(..# $ oo8.# ooo

#o#
#@#
#o#
#o#
#o#


oo. #.. o8o #.# .gg #.# ##+## #@# You could see 2 orc warriors, a gnoll
sergeant, an orc priest, an orc wizard (invisible), a gnoll and 9 orcs.

Vanquished Creatures
  4 boulder beetles (D:11)
  2 two-headed ogres
  10 centaur zombies (D:11)
  A kobold demonologist (D:11)
  A rime drake (D:9)
  A troll (D:11)
  A polar bear (D:9)
  Grinder (D:6)
  A meliai zombie (D:11)
  A vampire (D:11)
  3 shadows
  6 wraiths
  13 yaks
  An acid dragon (D:8)
  Menkaure (D:6)
  A water moccasin (D:8)
  3 orc warriors
  8 ice beasts
  2 wolves (D:9)
  4 centaurs
  2 phantoms
  3 kobold brigands
  Blork the orc (D:6)
  3 bullfrogs
  A gnoll sergeant (D:7)
  A scorpion (D:5)
  4 wights (D:7)
  6 killer bees
  7 howler monkeys
  2 hounds
  5 orc priests
  A jelly (D:6)
  3 sleepcaps
  Jessica (D:3)
  9 orc wizards
  Ijyb (D:3)
  Natasha (thrice) (D:3)
  4 iguanas
  A howler monkey zombie (D:11)
  19 gnolls
  3 river rats (D:6)
  2 adders
  A shadow imp (D:8)
  2 white imps
  3 worms (D:4)
  A dart slug (D:1)
  28 orcs
  3 ball pythons
  7 bats
  9 endoplasms
  3 giant cockroaches
  11 goblins
  6 hobgoblins
  2 jackals (D:5)
  25 kobolds
  2 quokkas
  3 frilled lizards
  5 rats
258 creatures vanquished.

Vanquished Creatures (collateral kills)
  A killer bee (D:8)
  A jelly (D:6)
  An adder (D:6)
3 creatures vanquished.

Vanquished Creatures (others)
  A killer bee (D:8)
  35 plants (D:6)
  2 withered plants (D:11)
38 creatures vanquished.

Grand Total: 299 creatures vanquished

Notes
Turn   | Place    | Note
-------+----------+-------------------------------------------
     0 | D:1      | Turgor the Demonspawn Hunter began the quest for the Orb.
     0 | D:1      | Reached XP level 1. HP: 16/16 MP: 1/1
    36 | D:1      | Reached skill level 1 in Stealth
   209 | D:1      | Gained mutation: You have sharp fingernails. [demonic
                  | ancestry]
   209 | D:1      | Reached XP level 2. HP: 22/22 MP: 2/2
   835 | D:2      | Found a faded altar of an unknown god.
   976 | D:2      | Gained mutation: You may rarely emit foul miasma when
                  | damaged in melee. [demonic ancestry]
   976 | D:2      | Reached XP level 3. HP: 28/28 MP: 3/3
  1492 | D:3      | Found an ancient bone altar of Kikubaaqudgha.
  1582 | D:3      | Noticed Ijyb
  1606 | D:3      | Killed Ijyb
  1607 | D:3      | Gained mutation: You regenerate a little health from kills.
                  | [demonic ancestry]
  1607 | D:3      | Reached XP level 4. HP: 31/34 MP: 4/4
  1667 | D:3      | Noticed Jessica
  1675 | D:3      | Killed Jessica
  1791 | D:3      | Reached skill level 5 in Ranged Weapons
  1847 | D:3      | Noticed Natasha
  1859 | D:3      | Killed Natasha
  1860 | D:3      | Gained mutation: You are partially covered in thin metallic
                  | scales. (AC +2) [demonic ancestry]
  1860 | D:3      | Reached XP level 5. HP: 26/41 MP: 5/5
  1864 | D:3      | Noticed Natasha
  1870 | D:3      | Killed Natasha
  2019 | D:3      | Noticed Natasha
  2028 | D:3      | Killed Natasha
  2123 | D:3      | Found a hide-covered altar of Uskayaw.
  2123 | D:3      | Found a basalt altar of Yredelemnul.
  2278 | D:4      | Found a stormy altar of Qazlal.
  2489 | D:4      | Found a staircase to the Ecumenical Temple.
  2502 | Temple   | Entered the Ecumenical Temple
  2507 | Temple   | Became a worshipper of Gozag Ym Sagoz the Greedy
  2955 | D:4      | Gained mutation: You are mostly covered in thin metallic
                  | scales. (AC +3) [demonic ancestry]
  2955 | D:4      | Reached XP level 6. HP: 48/48 MP: 6/6
  3020 | D:4      | Found a sparkling altar of Nemelex Xobeh.
  3161 | D:5      | Entered Level 5 of the Dungeon
  3523 | D:5      | Gained mutation: You have very sharp fingernails. [demonic
                  | ancestry]
  3523 | D:5      | Reached XP level 7. HP: 55/55 MP: 7/7
  3550 | D:5      | Learned a level 6 spell: Conjure Ball Lightning
  4097 | D:6      | Reached skill level 5 in Fighting
  4380 | D:6      | Noticed Grinder
  4383 | D:6      | Gained mutation: You have claws for hands. [demonic
                  | ancestry]
  4383 | D:6      | Reached XP level 8. HP: 51/63 MP: 8/8
  4562 | D:6      | Noticed Menkaure
  4570 | D:6      | Killed Menkaure
  4664 | D:6      | Noticed Blork the orc
  4670 | D:6      | Killed Blork the orc
  5054 | D:7      | Found a flagged portal.
  5088 | Bailey   | Entered a bailey
  5126 | Bailey   | Noticed an orc warlord
  5277 | Bailey   | Found a runed translucent gate.
  5277 | Bailey   | Found a runed translucent gate.
  5292 | Bailey   | Reached skill level 5 in Spellcasting
  5292 | Bailey   | Reached skill level 6 in Conjurations
  5292 | Bailey   | Reached XP level 9. HP: 71/71 MP: 8/17
  5298 | Bailey   | Found a runed translucent gate.
  5718 | Bailey   | Reached skill level 9 in Conjurations
  5718 | Bailey   | Gained mutation: You sometimes emit foul miasma when
                  | damaged in melee. [demonic ancestry]
  5718 | Bailey   | Reached XP level 10. HP: 51/77 MP: 18/18
  6755 | D:7      | Found a radiant altar of Vehumet.
  6774 | D:7      | Learned a level 3 spell: Swiftness
  7466 | D:8      | Gained mutation: Your presence sometimes corrodes those you
                  | injure. [demonic ancestry]
  7466 | D:8      | Reached XP level 11. HP: 71/83 MP: 20/20
  8096 | D:9      | Found Nuimor's Jewellery Shoppe.
  8625 | D:9      | Bought an amulet of reflection for 360 gold pieces
  8625 | D:9      | Bought a ring of wizardry for 360 gold pieces
  8899 | D:9      | Noticed a two-headed ogre
  9264 | D:9      | Identified a scroll of acquirement
  9265 | D:9      | Acquired the +5 arbalest of the Walnut {freeze, rF+}
  9337 | D:9      | Found a staircase to the Lair.
  9346 | D:9      | Killed a two-headed ogre
  9347 | D:9      | Reached skill level 10 in Conjurations
  9429 | D:9      | Found a blossoming altar of Fedhas.
  9451 | D:9      | Noticed an oklob plant
  9787 | D:10     | Entered Level 10 of the Dungeon
  9829 | D:10     | Found Jimesk's Antique Armour Shop.
 10000 | D:10     | Bought a bloodstained scale mail for 234 gold pieces
 10000 | D:10     | Identified the +1 scale mail of Patsuh {Dex+5} (You bought
                  | it in a shop on level 10 of the Dungeon)
 10000 | D:10     | Bought a runed scarf for 208 gold pieces
 10973 | D:11     | Noticed a boulder beetle
 11000 | D:11     | Killed a boulder beetle
 11001 | D:11     | Reached skill level 1 in Armour
 11344 | D:11     | Noticed a two-headed ogre
 11347 | D:11     | Killed a two-headed ogre
 11395 | D:11     | Noticed a boulder beetle
 11403 | D:11     | Killed a boulder beetle
 11518 | D:11     | Reached XP level 12. HP: 91/91 MP: 21/21
 11560 | D:11     | Noticed a boulder beetle
 11574 | D:11     | Reached skill level 10 in Air Magic
 11594 | D:11     | Killed a boulder beetle
 11648 | D:11     | Reached skill level 10 in Ranged Weapons
 11771 | D:11     | Reached skill level 11 in Conjurations
 12173 | D:11     | Identified the +0 hat of the Past {+Inv rPois MP-9 SInv}
 12250 | D:11     | Noticed a boulder beetle
 12338 | D:11     | Killed a boulder beetle
 12950 | D:6      | Killed Grinder
 13141 | D:12     | Noticed Rupert
 13205 | D:12     | Noticed Sonja
 13226 | D:12     | HP: 1/91 [orc warrior/+0 halberd (12)]
 13227 | D:12     | Slain by an orc warrior

Illustrated notes

Levels and vault maps discovered:
D:1:      psy_arrival_fountain, layout_basic
D:2:      layout_loops_ring, basic_ecumenical_altar
D:3:      layout_basic, mainiacjoe_overflow_six_doors_small,
          nicolae_overflow_two_pavilions, uniq_natasha, uniq_ijyb, uniq_jessica
D:4:      layout_loops_ring, grunt_qazlal_clouds, nemelex_diamond_rough_becter,
          minmay_temple_entry_butterflies, grunt_ministairs_5,
          kennysheep_generic_room_10
D:5:      layout_loops_ring
D:6:      wad_woods_settlement, layout_basic, uniq_menkaure, uniq_blork_the_orc,
          uniq_grinder
D:7:      layout_cave_pods, fiery_altar_vehumet, enter_bailey_2
D:8:      layout_loops_cross
D:9:      layout_loops_ring, tgw_fedhas, hellmonk_lair_entry_icy, serial_shops,
          nicolae_stop_n_shop_1
D:10:     layout_roguey, serial_shops, nicolae_shop_window_shopping,
          blue_anna_alchemist
D:11:     layout_irregular_city, serial_undead, serial_undead_a,
          serial_undead_d, serial_undead_d, serial_undead_e
D:12:     layout_loops_ring, hiddenorc2_lemuel, uniq_sonja, uniq_nessos,
          uniq_rupert
Temple:   minmay_freezing_vapour_temple

Skill      XL: |  1  2  3  4  5  6  7  8  9 10 11 12 |
---------------+-------------------------------------+-----
Stealth        | 1 |  1.0
Dodging        | 2 3 |  3.4
Ranged Weapons | 4 5 6 7 8 9 10 | 10.3
Fighting       | 3 4 5 6 7 |  7.0
Spellcasting   | 5 6 |  6.4
Conjurations   | 6 9 10 11 | 11.3
Air Magic      | 6 8 9 10 | 10.4
Armour         | 1 3 |  3.1

Action                     |  1- 3 |  4- 6 |  7- 9 | 10-12 || total
---------------------------+-------+-------+-------+-------++-------
   Fire: Shortbow          |    91 |   194 |   286 |   491 ||  1062
         Arbalest          |       |       |       |   277 ||   277
  Throw: Dart              |       |       |       |    11 ||    11
         Boomerang         |       |       |       |     4 ||     4
         Throwing net      |       |       |       |     5 ||     5
         Javelin           |       |       |       |    11 ||    11
  Evoke: Wand              |       |     6 |     2 |     6 ||    14
    Use: Scroll            |     4 |     4 |     7 |    19 ||    34
         Potion            |     2 |       |     5 |    14 ||    21
 Armour: Leather armour    |     4 |       |       |       ||     4
         Robe              |       |    14 |    44 |    92 ||   150
         Scale mail        |       |       |       |   172 ||   172
  Dodge: Dodged            |    21 |    62 |   137 |   477 ||   697
  Block: Other             |       |       |       |    85 ||    85
         Reflection        |       |       |       |     2 ||     2
